 Dungeon Crawl Stone Soup version 0.32-a0-960-g3814254bd7 (webtiles) character file.

Game seed: 2946610161423307664

149 Essalna the Firebug (level 5, -2/31 HPs)
             Began as a Gargoyle Fire Elementalist on Apr 17, 2024.
             Slain by a white imp (4 damage)
             ... on level 4 of the Dungeon.
             The game lasted 00:05:32 (3305 turns).

Essalna the Firebug (Gargoyle Fire Elementalist)    Turns: 3305, Time: 00:05:33

Health: -2/31      AC:  7    Str:  9      XL:     5   Next: 31%
Magic:  9/9        EV: 10    Int: 14      God:
Gold:   187        SH:  5    Dex:  4 (10) Spells: 7/10 levels left

rFire   . . .        e - staff of earth
rCold   . . .        (no shield)
rNeg    + . .        a - +0 robe
rPois   ∞            (no helmet)
rElec   +            (no cloak)
rCorr   .            (no gloves)
SInv    .            l - +0 pair of boots
Will    .....        h - amulet of reflection
Stlth   +            (no ring)
HPRegen 0.25/turn    (no ring)
MPRegen 0.11/turn

%: reflection
@: no status effects
A: sickness immunity, AC +4, negative energy resistance 1, electricity
resistance, torment resistance 1, petrification resistance, dopey 2, weak 1,
inability to drink after injury 1
a: no special abilities


You were on level 4 of the Dungeon.
You visited 1 branch of the dungeon, and saw 4 of its levels.

You collected 187 gold pieces.

Inventory:

Hand Weapons
 q - a +2 short sword of venom
Armour
 a - a +0 robe (worn)
 l - a +0 pair of boots (worn)
Magical Staves
 e - a staff of earth (weapon)
Jewellery
 h - an amulet of reflection (around neck)
Scrolls
 c - a scroll of fear {unknown}
 d - a scroll of identify {unknown}
 f - a scroll of noise
 m - a scroll of teleportation
 r - a scroll of enchant armour {unknown}
 t - a scroll of fog {unknown}
Potions
 i - a potion of lignification {unknown}
 j - a potion of haste {unknown}
 k - a potion of curing
 n - a potion of degeneration {unknown}
 o - a potion of heal wounds {unknown}
 p - 2 potions of might {unknown}
 s - a potion of brilliance {unknown}


   Skills:
 + Level 2.3 Fighting
 - Level 1.5 Dodging
 - Level 2.1 Stealth
 + Level 3.0 Spellcasting
 + Level 2.8 Conjurations
 + Level 3.8 Fire Magic


You had 7 spell levels left.
You knew the following spells:

 Your Spells              Type           Power      Damage    Failure   Level
a - Foxfire               Conj/Fire      44%        2x1d6     5%          1
b - Scorch                Fire           24%        2d6       7%          2

Your spell library contained the following spells:

 Spells                   Type           Power      Damage    Failure   Level
 Kiss of Death            Conj/Necr      24%        2d7       12%         1
 Inner Flame              Hex/Fire       7%         N/A       28%         3
 Volatile Blastmotes      Fire/Tloc      14%        2d11      28%         3
 Lesser Beckoning         Tloc           4%         N/A       32%         2
 Flame Wave               Conj/Fire      11%        2d6       47%         4
 Confusing Touch          Hex            2%         N/A       54%         3
 Maxwell's Portable Pile  Tloc           2%         2d(5-14)  54%         3
 Teleport Other           Tloc           2%         N/A       54%         3
 Dispel Undead            Necr           2%         3d7       91%         4


Dungeon Overview and Level Annotations

Branches:
Dungeon (4/15)
 Temple: D:4-7

Altars:
Makhleb


Innate Abilities, Weirdness & Mutations

You are immune to sickness and miasma.
Your stone body is resilient. (AC +4)
You are immune to poison.
You resist negative energy. (rN+)
You are resistant to electric shocks. (rElec)
You are resistant to unholy torment.
You are immune to petrification.
You are very dopey. (Int -4)
You are weak. (Str -2)
You occasionally lose the ability to drink potions when taking damage.


Message History

The jackal bites you but does no damage.
The jackal closely misses you.
The jackal barely misses you. x2; You block the jackal's attack.
The jackal misses you. The white imp closely misses you.
The jackal closely misses you. You block the jackal's attack.
The jackal barely misses you.
The jackal bites you but does no damage.
The jackal barely misses you.
A hobgoblin comes into view.
The white imp gestures at you. The puff of frost hits you!
The jackal bites you but does no damage. x2
The jackal barely misses you.
The hobgoblin shouts!
You block the jackal's attack. The white imp gestures at you.
The puff of frost hits you.
* * * LOW HITPOINT WARNING * * *
The jackal closely misses you. The jackal completely misses you.
The jackal closely misses you. x2
You block the jackal's attack. The jackal misses you. The jackal bites you.
* * * LOW HITPOINT WARNING * * *
An endoplasm comes into view.
The white imp hits you but does no damage.
The jackal barely misses you. The jackal closely misses you.
The jackal barely misses you. The jackal closely misses you.
The jackal closely misses you. The white imp gestures at you.
The puff of frost hits you but does no damage.
The jackal bites you but does no damage.
The jackal bites you.
* * * LOW HITPOINT WARNING * * *
The jackal misses you.
The jackal bites you but does no damage.
You block the jackal's attack.
The jackal bites you but does no damage.
The jackal misses you. The white imp hits you.
* * * LOW HITPOINT WARNING * * *
The white imp freezes you.
You die...

$.... #..#
..#. #...
♣.$..
#..♣J≈≈~..
##..~~~~~≈#
'.g♣~o~~♣.
#...~~~~..
#..##5hh......
#....h@#
#..##h.# #..#
...+ ....#
.....# ..#####
#..


You could see an orc wizard, a white imp, an endoplasm (wandering), 4 jackals
and a hobgoblin.

Vanquished Creatures
  A quasit (D:3)
  5 adders
  2 dart slugs
  7 orcs (D:3)
  4 bats
  8 endoplasms
  2 giant cockroaches
  7 goblins
  3 hobgoblins
  2 jackals (D:1)
  5 kobolds
  4 quokkas
  5 ball pythons
  5 frilled lizards
  2 rats (D:1)
62 creatures vanquished.

Vanquished Creatures (others)
  246 foxfires
246 creatures vanquished.

Grand Total: 308 creatures vanquished

Notes
Turn   | Place    | Note
-------+----------+-------------------------------------------
     0 | D:1      | Essalna the Gargoyle Fire Elementalist began the quest for
                  | the Orb.
     0 | D:1      | Reached XP level 1. HP: 10/10 MP: 3/3
   265 | D:1      | Reached XP level 2. HP: 16/16 MP: 0/5
   629 | D:1      | Reached skill level 1 in Fighting
   871 | D:1      | Reached XP level 3. HP: 20/20 MP: 1/6
  1550 | D:2      | Reached XP level 4. HP: 18/25 MP: 5/7
  2873 | D:3      | Learned a level 2 spell: Scorch
  2900 | D:3      | Found a burning altar of Makhleb.
  2903 | D:3      | Noticed a blizzard demon
  3092 | D:3      | Gained mutation: You have sharp toenails. [potion of
                  | mutation]
  3092 | D:3      | Gained mutation: You occasionally lose the ability to drink
                  | potions when taking damage. [potion of mutation]
  3150 | D:3      | Lost mutation: You occasionally lose the ability to drink
                  | potions when taking damage. [potion of mutation]
  3150 | D:3      | Lost mutation: You have sharp toenails. [potion of
                  | mutation]
  3150 | D:3      | Gained mutation: You are dopey. (Int -2) [potion of
                  | mutation]
  3150 | D:3      | Gained mutation: You are very dopey. (Int -4) [potion of
                  | mutation]
  3150 | D:3      | Gained mutation: You have hidden genetic defects. [potion
                  | of mutation]
  3171 | D:3      | Reached XP level 5. HP: 11/30 MP: 2/9
  3187 | D:3      | Gained mutation: You are weak. (Str -2) [hidden defects]
  3202 | D:3      | Gained mutation: You occasionally lose the ability to drink
                  | potions when taking damage. [hidden defects]
  3202 | D:3      | Lost mutation: You have hidden genetic defects. [hidden
                  | defects expressed]
  3305 | D:4      | Slain by a white imp

Illustrated notes

Levels and vault maps discovered:
D:1:      nzn_arrival_depleted_hourglass, layout_basic,
          nicolae_twisty_statue_hallways
D:2:      layout_loops_ring, palyth_stone_intersect
D:3:      layout_loops_ring, makhleb_altar_promises_db
D:4:      layout_gridville, serial_shops, shop, serial_demonic,
          serial_demonic_d, serial_demonic_c, serial_demonic_g,
          serial_demonic_b, serial_demonic_g, serial_demonic_f,
          serial_demonic_a, hangedman_glass_teeth, minmay_fountain_box,
          minmay_unequal, uniq_robin, uniq_natasha

Skill      XL: |  1  2  3  4  5 |
---------------+----------------+-----
Fighting       | 1 2 |  2.3
Conjurations   | 2 |  2.8
Spellcasting   | 3 |  3.0
Dodging        | |  1.5
Stealth        | |  2.1
Fire Magic     | |  3.8

Action                     |  1- 3 |  4- 6 || total
---------------------------+-------+-------++-------
  Melee: Staff             |    14 |    34 ||    48
   Cast: Foxfire           |    70 |    71 ||   141
         Scorch            |       |     3 ||     3
    Use: Potion            |       |     4 ||     4
         Scroll            |       |     2 ||     2
 Armour: Robe              |    12 |   187 ||   199
  Dodge: Dodged            |    15 |   166 ||   181
  Block: Other             |     3 |    42 ||    45

Table legend: (Time is in decaauts)
 A = Elapsed time spent in this place.
 B = Non-inter-level travel time spent in this place.
 C = Inter-level travel time spent in this place.
 D = Time resting spent in this place.
 E = Time spent auto-exploring this place.
 F = Levels seen in this place.
 G = Mean time per level.
                   A        B        C        D        E       F      G
               +--------+--------+--------+--------+--------+-----+--------+
         Total |   3315 |   3282 |     33 |     50 |   2794 |   4 |  828.8 |
       Dungeon |   3315 |   3282 |     33 |     50 |   2794 |   4 |  828.8 |
               +--------+--------+--------+--------+--------+-----+--------+

Top non-repeatable levels by time:
     D:3: 1155 daAuts
     D:1: 1124 daAuts
     D:2: 1001 daAuts
     D:4: 33 daAuts
